Map: Frozen Temple

Players

flyinthemoon

  • Race: Zerg Zerg
  • League: Platinum

Naga - Winner!

  • Race: Protoss Protoss
  • League: Diamond

VOD

Have the link to the VOD?

Description

Time

  • Played on: March 31, 2016, 5:05 p.m.
  • Length: 17:05
Show
View Real Time Build Order
Export as new Build Order

flyinthemoon Zerg 

Build Orders: Hatch First, Lurkers 

Get SALT Encoding   

  12  0:01  Drone  
  13  0:12  Overlord  
  13  0:20  Drone  
  14  0:32  Drone x2  
  16  0:55  Hatchery, Extractor  
  14  1:07  Spawning Pool  
  14  1:10  Drone  
  14  1:14  Drone  
  15  1:19  Drone  
  15  1:23  Drone  
  17  1:33  Drone  
  18  1:43  Drone  
  19  1:54  Overlord  
  19  1:55  Queen  
  19  2:01  Metabolic Boost  
  21  2:05  Zergling x2  
  22  2:12  Queen  
  24  2:16  Drone  
  24  2:21  Drone  
  26  2:27  Drone x2  
  28  2:30  Drone  
  28  2:37  Drone  
  30  2:40  Drone  
  31  2:49  Drone  
  32  2:52  Drone  
  33  3:02  Zergling x2  
  33  3:03  Drone  
  35  3:08  Hatchery  
  35  3:11  Overlord, Drone x2  
  36  3:23  Lair  
  36  3:29  Extractor  
  35  3:38  Drone x4  
  35  3:39  Drone x2  
  35  3:40  Drone x3  
  44  3:45  Extractor  
  43  3:49  Zergling x2  
  44  4:03  Overlord  
  44  4:04  Extractor  
  41  4:16  Roach Warren  
  40  4:31  Drone  
  41  4:32  Drone  
  41  4:33  Drone, Overlord  
  43  4:41  Evolution Chamber  
  43  4:42  Drone  
  43  4:43  Drone x2, Evolution Chamber  
  44  4:48  Drone x2  
  46  4:54  Overlord  
  46  4:59  Roach x5  
  56  5:07  Hydralisk Den  
  56  5:09  Zerg Missile Weapons Level 1  
  56  5:10  Zerg Ground Armor Level 1  
  56  5:13  Roach x5  
  65  5:18  Glial Reconstitution  
  65  5:21  Drone  
  65  5:22  Drone x2  
  65  5:25  Drone x2  
  70  5:34  Drone  
  71  5:38  Overseer  
  71  5:41  Roach  
  71  5:42  Overlord x2  
  73  5:47  Lurker Den  
  73  6:02  Overlord x3  
  73  6:07  Hydralisk x2  
  73  6:08  Hydralisk x2  
  81  6:17  Spore Crawler  
  80  6:19  Spore Crawler  
  80  6:20  Spore Crawler  
  80  6:21  Drone x5  
  80  6:24  Hydralisk x2  
  87  6:27  Spore Crawler  
  87  6:30  Spore Crawler  
  85  6:33  Spore Crawler  
  85  6:37  Spore Crawler  
  85  6:39  Drone  
  84  6:40  Drone x2  
  84  6:41  Drone  
  87  6:51  Hydralisk  
  87  7:08  Drone x3  
  90  7:10  Extractor, Overlord x3  
  90  7:11  Extractor, Overlord  
  90  7:13  Overseer  
  90  7:15  Overseer  
  88  7:17  Lurker  
  88  7:18  Lurker  
  88  7:20  Overlord  
  90  7:28  Zerg Missile Weapons Level 2  
  90  7:30  Zerg Ground Armor Level 2  
  90  7:32  Muscular Augments  
  90  7:41  Pneumatized Carapace  
  90  7:42  Hydralisk x2  
  94  7:50  Drone x3  
  94  7:51  Drone x4  
  100  7:56  Drone  
  102  8:04  Hydralisk x2  
  106  8:35  Hydralisk x2  
  106  8:36  Hydralisk x6  
  106  8:38  Overlord  
  122  8:53  Hatchery  
  121  9:03  Hydralisk x4  
  121  9:05  Overlord x2  
  121  9:06  Overseer  
  129  9:31  Hydralisk  
  129  9:32  Hydralisk x7  
  141  9:54  Overseer  
  136  10:01  Hydralisk x3  
  136  10:02  Hydralisk x2  
  110  10:31  Roach  
  110  10:32  Roach x8  
  110  10:33  Roach x3  
  134  10:56  Hydralisk x5  
  144  11:11  Hatchery  
  127  12:11  Hydralisk x4  
  127  12:12  Hydralisk x4  
  127  12:14  Overlord  
  127  12:15  Overlord x3  
  143  12:33  Hydralisk  
  143  12:34  Hydralisk x5  
  155  13:05  Lurker x4  
  158  13:06  Lurker x4  
  133  13:26  Drone x5  
  135  13:54  Lurker x2  
  135  13:55  Hydralisk, Lurker x2  
  139  13:56  Hydralisk x6  
  139  13:57  Hydralisk x7  
  139  13:58  Hydralisk  
  169  14:05  Infestation Pit  
  168  14:11  Spore Crawler  
  164  14:29  Extractor  
  164  14:30  Extractor  
  162  14:55  Hive  
  72  15:32  Roach x2  
  72  15:33  Roach x7  
  72  15:34  Roach x3  
  93  15:42  Hydralisk x2  
  83  15:43  Hydralisk  
  62  16:08  Zergling x2  
  62  16:09  Zergling x16  
  54  16:17  Lurker  
  47  16:23  Lurker  
  43  16:29  Zergling x2  
  43  16:30  Zergling x4  
  30  16:33  Zergling x2  
  25  16:41  Zergling x4  
Show
View Real Time Build Order
Export as new Build Order

Naga Protoss - Winner!

Build Orders: Nexus First 

Get SALT Encoding   

  12  0:01  Probe (Chrono Boost)  
  13  0:12  Probe (Chrono Boost)  
  14  0:22  Pylon  
  14  0:24  Probe (Chrono Boost)  
  15  0:40  Probe (Chrono Boost)  
  16  0:50  Probe (Chrono Boost)  
  17  0:59  Nexus  
  17  1:12  Gateway  
  17  1:17  Probe (Chrono Boost)  
  18  1:20  Assimilator  
  18  1:25  Assimilator  
  18  1:27  Probe (Chrono Boost)  
  19  1:38  Probe (Chrono Boost)  
  20  1:46  Gateway  
  20  1:48  Probe (Chrono Boost)  
  21  2:00  Cybernetics Core  
  21  2:05  Probe (Chrono Boost)  
  22  2:09  Pylon  
  22  2:14  Probe (Chrono Boost)  
  23  2:16  Probe (Chrono Boost)  
  24  2:26  Probe (Chrono Boost)  
  24  2:27  Probe (Chrono Boost)  
  26  2:36  Adept (Chrono Boost)  
  28  2:37  Probe (Chrono Boost), Adept (Chrono Boost)  
  28  2:42  Probe (Chrono Boost)  
  32  2:48  Probe  
  33  2:54  Probe  
  33  2:56  Pylon  
  34  3:00  Probe, Warp Gate  
  34  3:01  Adept (Chrono Boost)  
  37  3:11  Adept (Chrono Boost)  
  41  3:12  Mothership Core  
  41  3:14  Probe  
  42  3:25  Sentry (Chrono Boost)  
  42  3:26  Probe  
  45  3:33  Probe  
  46  3:34  Sentry (Chrono Boost)  
  46  3:38  Probe (Chrono Boost)  
  49  3:44  Assimilator  
  49  3:46  Probe (Chrono Boost), Assimilator  
  50  3:50  Probe (Chrono Boost)  
  51  3:56  Probe (Chrono Boost)  
  51  4:01  Probe (Chrono Boost)  
  53  4:07  Probe (Chrono Boost)  
  54  4:13  Nexus  
  54  4:15  Pylon  
  54  4:16  Pylon  
  54  4:21  Pylon  
  54  4:31  Pylon  
  54  4:33  Probe x2 (Chrono Boost), Adept x2  
  54  4:36  Stargate  
  54  4:37  Stargate  
  60  4:44  Probe (Chrono Boost)  
  61  4:56  Probe x2 (Chrono Boost)  
  63  5:06  Probe (Chrono Boost), Pylon  
  64  5:09  Pylon  
  64  5:16  Pylon  
  64  5:20  Robotics Facility  
  64  5:21  Phoenix x2 (Chrono Boost)  
  66  5:26  Probe  
  69  5:29  Probe  
  69  5:30  Probe  
  71  5:36  Probe  
  71  5:37  Gateway  
  71  5:40  Gateway  
  72  5:43  Phoenix x2 (Chrono Boost)  
  76  5:58  Probe  
  76  5:59  Probe x2  
  76  6:02  Assimilator  
  79  6:04  Assimilator  
  79  6:05  Phoenix x2 (Chrono Boost)  
  83  6:16  Immortal  
  83  6:17  Probe  
  88  6:18  Probe x2  
  90  6:25  Twilight Council  
  90  6:27  Phoenix x2 (Chrono Boost)  
  90  6:28  Pylon  
  90  6:31  Pylon  
  94  6:35  Pylon  
  90  7:03  Adept x2  
  90  7:07  Immortal  
  98  7:09  Resonating Glaives  
  98  7:12  Robotics Bay  
  98  7:15  Probe, Robotics Facility  
  98  7:16  Probe  
  98  7:17  Probe  
  101  7:26  Probe  
  101  7:28  Probe  
  101  7:29  Probe  
  104  7:34  Nexus  
  104  7:36  Probe, Pylon  
  104  7:38  Pylon  
  104  7:39  Sentry x2  
  104  7:42  Pylon  
  109  7:46  Adept x2  
  109  7:50  Gateway  
  113  7:52  Gateway  
  113  7:55  Gateway  
  113  7:58  Gateway  
  113  8:00  Gateway  
  113  8:04  Disruptor x2 (Chrono Boost)  
  119  8:10  Sentry x2  
  119  8:12  Adept x2  
  123  8:34  Adept x2  
  123  8:35  Adept x2  
  123  8:37  Observer (Chrono Boost)  
  123  8:38  Disruptor (Chrono Boost)  
  135  8:46  Assimilator  
  135  8:48  Templar Archives  
  135  8:52  Forge  
  135  8:55  Forge  
  135  8:59  Observer (Chrono Boost)  
  135  9:00  Pylon  
  136  9:03  Pylon  
  136  9:09  Disruptor (Chrono Boost)  
  139  9:27  Observer (Chrono Boost)  
  140  9:34  Charge (Chrono Boost)  
  140  9:35  Disruptor  
  86  10:16  Adept  
  86  10:17  Adept x3  
  86  10:19  Disruptor  
  86  10:24  Disruptor  
  81  10:40  Adept x4  
  80  10:51  Disruptor  
  83  11:00  Disruptor  
  83  11:03  Pylon  
  85  11:08  Adept  
  85  11:09  Adept x3  
  91  11:19  Gateway  
  91  11:21  Gateway  
  91  11:22  Disruptor  
  91  11:23  Gateway  
  89  11:27  Gateway  
  89  11:30  Zealot  
  89  11:31  Zealot x3  
  99  11:32  Gateway  
  99  11:35  Gateway  
  99  11:36  Disruptor  
  78  11:53  Disruptor  
  69  11:55  Zealot x3  
  69  11:56  Zealot  
  70  12:11  Mothership Core  
  72  12:27  Protoss Ground Armor Level 1, Pylon, Protoss Ground Weapons Level 1  
  72  12:28  Pylon  
  72  12:32  Zealot x3  
  72  12:33  Zealot  
  72  12:34  Zealot x2, Disruptor  
  84  12:39  Disruptor  
  84  12:43  Pylon  
  90  12:58  Zealot x4  
  92  13:00  Zealot x2  
  82  13:16  Observer  
  79  13:20  Zealot  
  79  13:21  Zealot x6  
  93  13:35  Disruptor  
  93  13:39  Disruptor  
  89  13:42  Zealot  
  91  13:55  High Templar x3  
  97  14:00  High Templar  
  99  14:04  Archon x2  
  99  14:27  High Templar  
  99  14:28  High Templar x4  
  109  14:32  Archon x2  
  109  14:34  High Templar  
  111  14:45  Archon  
  90  15:49  High Templar x2  
  94  15:50  High Templar  
  94  15:51  Zealot x2  
  94  15:52  Zealot x2  
  93  16:29  Archon  
Tags
 
Add a new tag
Caveats
  • Supply blocks, unpowered buildings, or Contaminate may cause inaccurate times.
  • Supply counts are checked every 10 seconds.